Phantoms vs Monsters
Created - July 23, 2022 at 19:42
Goals
|
| Phantoms |
1 |
1 |
1 |
3 |
| Monsters |
0 |
1 |
0 |
1 |
|
Shots
|
| Phantoms |
11 |
16 |
17 |
44 |
| Monsters |
8 |
14 |
4 |
26 |
|
1st period
1. Phantoms , Nick Shore 3 (Erik Nystrom 5, Devon Teows 1) at 10:26
Penalties :
Ondrej Kase (Cle) for Tripping (Minor) at 15:43
2nd period
2. Phantoms , Travis Konecny 14 (Calle Jarnkrok 18) at 2:01
3. Monsters , Patrik Laine 2 (Zac Dalpe 9, Dillon Heatherington 6) at 6:01
Penalties :
Brenden Kichton (Leh) for Hooking (Minor) at 6:44, Matt Grzelcyk (Cle) for Tripping (Minor) at 10:18, Nick Sorensen (Leh) for Interference (Minor) at 14:50, Jared Knight (Cle) for Slashing (Minor) at 19:46
3rd period
4. Phantoms , Alex DeBrincat 3 (Sven Andrighetto 4, Nick Shore 7) at 17:15 (PP)
Penalties :
Reid McNeill (Leh) for Slashing (Minor) at 3:33, Joakim Nordstrom (Cle) for Tripping (Minor) at 17:03, Richard Nejezchleb (Cle) for High sticking (Minor) at 18:48
Goalie Stats
Anton Forsberg (Leh), 25 saves from 26 shots - (0.962), W, 7-2-0, 60:00 minutes
Eric Comrie (Cle), 41 saves from 44 shots - (0.932), L, 7-3-1, 60:00 minutes
Players Stats for Phantoms
Player Name G A P +/- PIM S H SB GA TA FO MP PP MP PK MP
------------------------------------------------------------------------------------
A.J. Greer 0 0 0 0 0 0 0 0 0 0 0/0 1:07 0:00 1:05
Alex DeBrincat 1 0 1 1 0 7 2 1 1 0 0/1 17:02 3:18 0:00
Anthony Angello 0 0 0 0 0 0 0 0 0 0 0/0 0:10 0:00 0:10
Brendan Leipsic 0 0 0 0 0 0 0 0 0 0 0/0 0:22 0:22 0:00
Brenden Kichton 0 0 0 0 2 0 4 1 0 0 0/0 20:23 2:34 1:50
Calle Jarnkrok 0 1 1 1 0 2 1 0 0 0 10/23 22:24 3:40 3:03
Cristoval Nieves 0 0 0 0 0 3 0 0 0 0 6/10 10:28 0:00 0:00
David Kampf 0 0 0 0 0 0 0 0 0 0 0/0 0:29 0:28 0:00
Devon Teows 0 1 1 2 0 1 1 1 0 1 0/0 11:13 0:00 0:00
Erik Nystrom 0 1 1 -1 0 1 0 0 0 0 0/0 6:22 0:00 0:00
Ivan Provorov 0 0 0 0 0 4 3 3 0 1 0/0 20:55 2:34 2:44
Jake Dotchin 0 0 0 -1 0 1 1 2 0 1 0/0 24:28 4:46 3:13
JC Lipon 0 0 0 -1 0 2 1 0 0 1 0/0 6:37 0:15 0:00
Laurent Dauphin 0 0 0 0 0 0 0 0 0 0 0/0 1:30 0:00 1:30
Lucas Wallmarkk 0 0 0 -1 0 0 2 0 1 0 0/0 6:22 0:00 0:00
Michael Bournival 0 0 0 1 0 2 3 0 0 0 1/1 22:24 3:37 3:08
Mikko Lehtonen 0 0 0 0 0 0 0 0 0 0 0/0 4:36 0:00 0:40
Morgan Klimchuk 0 0 0 0 0 2 2 1 0 0 0/0 10:28 0:00 0:00
Nick Shore 1 1 2 1 0 5 1 0 1 1 7/21 17:06 3:21 0:00
Nick Sorensen 0 0 0 0 2 0 0 1 0 0 0/1 10:42 0:00 0:00
Reid McNeill 0 0 0 -1 2 2 2 2 0 0 0/0 26:05 4:46 2:08
Rinat Valiev 0 0 0 2 0 0 1 1 0 0 0/0 12:32 0:00 1:19
Sven Andrighetto 0 1 1 1 0 3 7 1 0 0 1/2 19:02 3:21 1:29
Travis Konecny 1 0 1 1 0 9 3 2 0 0 0/2 21:13 3:38 1:29
Players Stats for Monsters
Player Name G A P +/- PIM S H SB GA TA FO MP PP MP PK MP
------------------------------------------------------------------------------------
Aaron Ness 0 0 0 0 0 1 2 0 0 0 0/0 26:41 3:18 4:08
Austin Watson 0 0 0 -1 0 2 2 0 0 0 0/1 18:11 2:57 1:08
Bobby Farnham 0 0 0 0 0 2 0 1 0 0 2/2 18:34 2:35 2:02
Cameron Hughes 0 0 0 0 0 0 0 0 0 0 0/0 1:20 0:00 1:19
Christian Hanson 0 0 0 0 0 2 4 1 1 0 5/8 20:37 2:35 3:50
Dillon Heatherington 0 1 1 -2 0 0 1 3 1 1 0/0 22:10 2:39 3:12
Francis Perron 0 0 0 0 0 0 0 0 0 0 0/0 0:50 0:25 0:00
Jared Knight 0 0 0 -1 2 3 2 1 1 0 4/8 13:19 0:00 0:24
Joakim Nordstrom 0 0 0 0 2 1 1 3 0 0 0/0 16:31 2:35 0:00
Marc Michaelis 0 0 0 -1 0 0 0 0 0 0 0/0 12:41 0:00 0:00
Matt Grzelcyk 0 0 0 -2 2 0 1 3 0 0 0/0 21:13 2:39 2:15
Maxim Mamin 0 0 0 0 0 0 0 0 0 0 0/0 5:05 0:25 0:00
Morgan Rielly 0 0 0 0 0 1 1 1 1 2 0/0 26:41 3:18 4:08
Ondrej Kase 0 0 0 -1 2 4 0 0 1 0 4/5 18:39 2:57 1:38
Patrik Laine 1 0 1 1 0 2 0 0 0 0 0/0 5:19 0:00 0:00
Richard Nejezchleb 0 0 0 -1 2 0 0 0 0 0 0/1 13:18 0:14 0:00
Ryan Fitzgerald 0 0 0 1 0 0 0 1 0 0 1/1 5:19 0:00 0:00
Tarmo Reunanen 0 0 0 1 0 0 0 2 0 0 0/0 12:06 0:00 0:57
Victor Mete 0 0 0 1 0 0 0 3 0 0 0/0 11:09 0:00 0:00
Zac Dalpe 0 1 1 0 0 8 1 0 0 0 20/35 22:52 3:08 4:19
3 Stars
1 - Nick Shore (Leh)
2 - Travis Konecny (Leh)
3 - Sven Andrighetto (Leh)
Power Play
Phantoms - 1 on 5 Attempt(s) - 20.00%
Monsters - 0 on 3 Attempt(s) - 0.00%
Penalty Kill
Phantoms - 3 on 3 Attempt(s) - 100.00%
- Score 0 goal in Penalty Kill
Monsters - 4 on 5 Attempt(s) - 80.00%
- Score 0 goal in Penalty Kill
Team Stat
Phantoms - Hits : 34 - Faceoff Wins : 25 - Blocked Shots : 16 - Penalty Minutes : 6
Monsters - Hits : 15 - Faceoff Wins : 36 - Blocked Shots : 19 - Penalty Minutes : 10
Official
Referees : Chris Schlenker and Tom Chmielewski
Linesman : Andrew Smith and Ryan Galloway
Game Notes
No Game Note
Finance
Level 1 -- Attendance: 2000 (100.00%) -- Ticket Income $70,000
Level 2 -- Attendance: 1000 (100.00%) -- Ticket Income $15,000
Total Attendance: 3000 (100.00%)
Total Ticket Income: $85,000
Other Income: $4,250
Total Income: $89,250
Phantoms
5 vs 5 Forward
Center Left Wing Right Wing Time % Phy DF OF
1 Calle Jarnkrok Michael Bournival Travis Konecny 40 1 2 2
2 Nick Shore Alex DeBrincat Sven Andrighetto 30 1 2 2
3 Cristoval Nieves Morgan Klimchuk Nick Sorensen 20 1 2 2
4 Lucas Wallmarkk Erik Nystrom JC Lipon 10 1 2 2
5 vs 5 Defense
Defense Defense Time % Phy DF OF
1 Reid McNeill Jake Dotchin 40 1 2 2
2 Ivan Provorov Brenden Kichton 30 1 2 2
3 Devon Teows Rinat Valiev 20 1 2 2
4 Mikko Lehtonen Reid McNeill 10 1 2 2
PowerPlay Forward
Center Left Wing Right Wing Time % Phy DF OF
1 Calle Jarnkrok Michael Bournival Travis Konecny 60 1 2 2
2 Nick Shore Alex DeBrincat Sven Andrighetto 40 1 2 2
PowerPlay Defense
Defense Defense Time % Phy DF OF
1 Reid McNeill Jake Dotchin 60 1 2 2
2 Ivan Provorov Brenden Kichton 40 1 2 2
Penalty Kill 4 Players Forward
Center Wing Time % Phy DF OF
1 Calle Jarnkrok Michael Bournival 60 1 2 2
2 Travis Konecny Sven Andrighetto 40 1 2 2
Penalty Kill 4 Players Defense
Defense Defense Time % Phy DF OF
1 Reid McNeill Jake Dotchin 60 1 2 2
2 Ivan Provorov Brenden Kichton 40 1 2 2
Penalty Kill - 3 Players Forward
Forward Time % Phy DF OF
1 Calle Jarnkrok 60 1 2 2
2 Michael Bournival 40 1 2 2
Penalty Kill - 3 Players Defense
Defense Defense Time % Phy DF OF
1 Reid McNeill Jake Dotchin 60 1 2 2
2 Ivan Provorov Brenden Kichton 40 1 2 2
4 vs 4 Forward
Center Wing Time % Phy DF OF
1 Calle Jarnkrok Michael Bournival 60 1 2 2
2 Travis Konecny Sven Andrighetto 40 1 2 2
4 vs 4 Defense
Defense Defense Time % Phy DF OF
1 Reid McNeill Jake Dotchin 60 1 2 2
2 Ivan Provorov Brenden Kichton 40 1 2 2
Last Minutes Offensive
Center Left Wing Right Wing Defense Defense
Calle Jarnkrok Michael Bournival Travis Konecny Reid McNeill Jake Dotchin
Last Minutes Defensive
Center Left Wing Right Wing Defense Defense
Calle Jarnkrok Michael Bournival Travis Konecny Reid McNeill Jake Dotchin
Goaltenders
Starting : Anton Forsberg
Backup : Zachary Fucale
Extra Forwards
Normal : David Kampf, Brendan Leipsic, Laurent Dauphin - PP : David Kampf, Brendan Leipsic - PK : Laurent Dauphin
Extra Defensemen
Normal : Devon Teows, Rinat Valiev, Mikko Lehtonen - PP : Devon Teows - PK : Rinat Valiev, Mikko Lehtonen
Penalty Shots
Calle Jarnkrok, Michael Bournival, Travis Konecny, Sven Andrighetto, Alex DeBrincat
Scratches
Blake Heinrich (Right Knee Injury), Cooper Marody (Healthy), Mark Alt (Sprained Right Knee Injury), Brett Murray (Healthy), Matt Kiersted (Healthy)
Riley Stillman (Healthy), Jason Kasdorf (Healthy)
Monsters
5 vs 5 Forward
Center Left Wing Right Wing Time % Phy DF OF
1 Zac Dalpe Austin Watson Ondrej Kase 40 1 2 2
2 Christian Hanson Joakim Nordstrom Bobby Farnham 30 1 2 2
3 Jared Knight Marc Michaelis Richard Nejezchleb 20 1 2 2
4 Ryan Fitzgerald Patrik Laine Zac Dalpe 10 1 2 2
5 vs 5 Defense
Defense Defense Time % Phy DF OF
1 Morgan Rielly Aaron Ness 40 1 2 2
2 Dillon Heatherington Matt Grzelcyk 30 1 2 2
3 Victor Mete Tarmo Reunanen 20 1 2 2
4 Morgan Rielly Aaron Ness 10 1 2 2
PowerPlay Forward
Center Left Wing Right Wing Time % Phy DF OF
1 Zac Dalpe Austin Watson Ondrej Kase 60 1 2 2
2 Christian Hanson Joakim Nordstrom Bobby Farnham 40 1 2 2
PowerPlay Defense
Defense Defense Time % Phy DF OF
1 Morgan Rielly Aaron Ness 60 1 2 2
2 Dillon Heatherington Matt Grzelcyk 40 1 2 2
Penalty Kill 4 Players Forward
Center Wing Time % Phy DF OF
1 Zac Dalpe Christian Hanson 60 1 2 2
2 Ondrej Kase Bobby Farnham 40 1 2 2
Penalty Kill 4 Players Defense
Defense Defense Time % Phy DF OF
1 Morgan Rielly Aaron Ness 60 1 2 2
2 Dillon Heatherington Matt Grzelcyk 40 1 2 2
Penalty Kill - 3 Players Forward
Forward Time % Phy DF OF
1 Zac Dalpe 60 1 2 2
2 Christian Hanson 40 1 2 2
Penalty Kill - 3 Players Defense
Defense Defense Time % Phy DF OF
1 Morgan Rielly Aaron Ness 60 1 2 2
2 Dillon Heatherington Matt Grzelcyk 40 1 2 2
4 vs 4 Forward
Center Wing Time % Phy DF OF
1 Zac Dalpe Christian Hanson 60 1 2 2
2 Ondrej Kase Bobby Farnham 40 1 2 2
4 vs 4 Defense
Defense Defense Time % Phy DF OF
1 Morgan Rielly Aaron Ness 60 1 2 2
2 Dillon Heatherington Matt Grzelcyk 40 1 2 2
Last Minutes Offensive
Center Left Wing Right Wing Defense Defense
Zac Dalpe Austin Watson Ondrej Kase Morgan Rielly Aaron Ness
Last Minutes Defensive
Center Left Wing Right Wing Defense Defense
Zac Dalpe Austin Watson Ondrej Kase Morgan Rielly Aaron Ness
Goaltenders
Starting : Eric Comrie
Backup : Phoenix Copley
Extra Forwards
Normal : Maxim Mamin, Francis Perron, Cameron Hughes - PP : Maxim Mamin, Francis Perron - PK : Cameron Hughes
Extra Defensemen
Normal : Victor Mete, Tarmo Reunanen, Dillon Heatherington - PP : Victor Mete - PK : Tarmo Reunanen, Dillon Heatherington
Penalty Shots
Zac Dalpe, Christian Hanson, Ondrej Kase, Bobby Farnham, Jared Knight
Scratches
Matt Calvert (Healthy), Mitch Marner (Right Leg Injury), Nathan Noel (Healthy), Peyton Jones (Healthy)
% Time on Ice - Phantoms
Lines # - Real PCT - Wanted PCT - Time Play
Normal Forward
1 - 34% - 40% - 15:41
2 - 30% - 30% - 14:12
3 - 22% - 20% - 10:28
4 - 14% - 10% - 6:22
Normal Defense
1 - 35% - 40% - 16:29
2 - 33% - 30% - 15:37
3 - 24% - 20% - 11:13
4 - 7% - 10% - 3:24
PP Forward
1 - 54% - 60% - 3:59
2 - 46% - 40% - 3:21
PP Defense
1 - 65% - 60% - 4:46
2 - 35% - 40% - 2:34
PK Forward
1 - 75% - 60% - 4:28
2 - 25% - 40% - 1:29
PK Defense
1 - 54% - 60% - 3:13
2 - 46% - 40% - 2:44
PK3 Forward
1 - 0% - 60%
2 - 0% - 40%
PK3 Defense
1 - 0% - 60%
2 - 0% - 40%
44 Forward
1 - 0% - 60%
2 - 0% - 40%
44 Defense
1 - 0% - 60%
2 - 0% - 40%
Last Minute Offensive - 0:00
Last Minute Defensive - 0:00
Total
Forward - 60:00
Defense - 60:00
|
% Time on Ice - Monsters
Lines # - Real PCT - Wanted PCT - Time Play
Normal Forward
1 - 32% - 40% - 14:46
2 - 30% - 30% - 13:57
3 - 27% - 20% - 12:41
4 - 11% - 10% - 5:19
Normal Defense
1 - 37% - 40% - 17:28
2 - 35% - 30% - 16:19
3 - 24% - 20% - 11:09
4 - 4% - 10% - 1:47
PP Forward
1 - 57% - 60% - 3:22
2 - 43% - 40% - 2:35
PP Defense
1 - 55% - 60% - 3:18
2 - 45% - 40% - 2:39
PK Forward
1 - 72% - 60% - 5:18
2 - 28% - 40% - 2:02
PK Defense
1 - 56% - 60% - 4:08
2 - 44% - 40% - 3:12
PK3 Forward
1 - 0% - 60%
2 - 0% - 40%
PK3 Defense
1 - 0% - 60%
2 - 0% - 40%
44 Forward
1 - 0% - 60%
2 - 0% - 40%
44 Defense
1 - 0% - 60%
2 - 0% - 40%
Last Minute Offensive - 0:00
Last Minute Defensive - 0:00
Total
Forward - 60:00
Defense - 60:00
|
Play-by-Play
1st period
0:01 of 1st period - Calle Jarnkrok wins face-off versus Zac Dalpe in neutral zone.
0:54 of 1st period - Matt Grzelcyk is hit by Ivan Provorov and loses puck.
1:20 of 1st period - Slapshot by Bobby Farnham.
1:20 of 1st period - Shot Blocked by Rinat Valiev.
1:22 of 1st period - Snap shot by Matt Grzelcyk.
1:22 of 1st period - Shot Misses the Net.
2:16 of 1st period - Ryan Fitzgerald is hit by Morgan Klimchuk.
2:56 of 1st period - Jared Knight is hit by Michael Bournival and loses puck.
3:33 of 1st period - Snap shot by Cristoval Nieves.
3:33 of 1st period - Deflect By Morgan Klimchuk.
3:33 of 1st period - Stopped by Eric Comrie with a rebound.
4:19 of 1st period - Wrist shot by Nick Shore.
4:19 of 1st period - Stopped by Eric Comrie without a rebound.
4:20 of 1st period - Christian Hanson wins face-off versus Calle Jarnkrok in Monsters zone.
5:09 of 1st period - Icing by Devon Teows.
5:10 of 1st period - Ryan Fitzgerald wins face-off versus Cristoval Nieves in Phantoms zone.
5:16 of 1st period - Icing by Rinat Valiev.
5:17 of 1st period - Zac Dalpe wins face-off versus Cristoval Nieves in Phantoms zone.
5:18 of 1st period - Slapshot by Ondrej Kase.
5:18 of 1st period - Shot Blocked by Devon Teows.
5:20 of 1st period - Wrist shot by Ondrej Kase.
5:20 of 1st period - Stopped by Anton Forsberg without a rebound.
5:21 of 1st period - Zac Dalpe wins face-off versus Calle Jarnkrok in Phantoms zone.
5:24 of 1st period - Snap shot by Zac Dalpe.
5:24 of 1st period - Shot Misses the Net.
5:29 of 1st period - Icing by Reid McNeill.
5:30 of 1st period - Calle Jarnkrok wins face-off versus Zac Dalpe in Phantoms zone.
5:43 of 1st period - Wrist shot by Calle Jarnkrok.
5:43 of 1st period - Shot Misses the Net.
6:48 of 1st period - Slapshot by Ondrej Kase.
6:48 of 1st period - Shot Misses the Net.
7:22 of 1st period - Snap shot by Calle Jarnkrok.
7:22 of 1st period - Deflect By Michael Bournival.
7:22 of 1st period - Stopped by Eric Comrie without a rebound.
7:23 of 1st period - Christian Hanson wins face-off versus Travis Konecny in Monsters zone.
7:45 of 1st period - Icing by Christian Hanson.
7:46 of 1st period - Jared Knight wins face-off versus Nick Shore in Monsters zone.
8:15 of 1st period - Wrist shot by Cristoval Nieves.
8:15 of 1st period - Stopped by Eric Comrie without a rebound.
8:16 of 1st period - Ondrej Kase wins face-off versus Cristoval Nieves in Monsters zone.
8:41 of 1st period - Calle Jarnkrok is hit by Christian Hanson and loses puck.
8:50 of 1st period - Snap shot by Bobby Farnham.
8:50 of 1st period - Stopped by Anton Forsberg with a rebound.
9:03 of 1st period - Off-side.
9:04 of 1st period - Jared Knight wins face-off versus Nick Shore in neutral zone.
9:16 of 1st period - Snap shot by Alex DeBrincat.
9:16 of 1st period - Shot Blocked by Dillon Heatherington.
9:53 of 1st period - Wrist shot by Joakim Nordstrom.
9:53 of 1st period - Shot Blocked by Morgan Klimchuk.
10:26 of 1st period - Slapshot by Nick Shore.
10:26 of 1st period - Goal by Nick Shore - Phantoms : 1 - Monsters : 0.
10:27 of 1st period - Zac Dalpe wins face-off versus Calle Jarnkrok in neutral zone.
10:52 of 1st period - Bobby Farnham is hit by Sven Andrighetto and loses puck.
11:17 of 1st period - Snap shot by Jared Knight.
11:17 of 1st period - Shot Blocked by Ivan Provorov.
11:19 of 1st period - Slapshot by Morgan Rielly.
11:19 of 1st period - Shot Misses the Net.
11:21 of 1st period - Slapshot by Marc Michaelis.
11:21 of 1st period - Shot Blocked by Nick Sorensen.
11:41 of 1st period - Wrist shot by Zac Dalpe.
11:41 of 1st period - Shot Misses the Net.
11:43 of 1st period - Wrist shot by Zac Dalpe.
11:43 of 1st period - Stopped by Anton Forsberg without a rebound.
11:44 of 1st period - Zac Dalpe wins face-off versus Calle Jarnkrok in Phantoms zone.
11:58 of 1st period - Icing by Zac Dalpe.
11:59 of 1st period - Zac Dalpe wins face-off versus Nick Shore in Monsters zone.
12:04 of 1st period - Wrist shot by Zac Dalpe.
12:04 of 1st period - Stopped by Anton Forsberg without a rebound.
12:05 of 1st period - Zac Dalpe wins face-off versus Nick Shore in Phantoms zone.
12:12 of 1st period - Matt Grzelcyk is hit by Alex DeBrincat and loses puck.
12:59 of 1st period - Wrist shot by Jared Knight.
12:59 of 1st period - Stopped by Anton Forsberg without a rebound.
13:00 of 1st period - Zac Dalpe wins face-off versus Nick Shore in Phantoms zone.
13:05 of 1st period - Snap shot by Zac Dalpe.
13:05 of 1st period - Stopped by Anton Forsberg with a rebound.
13:15 of 1st period - Snap shot by Alex DeBrincat.
13:15 of 1st period - Shot Misses the Net.
13:28 of 1st period - Icing by Christian Hanson.
13:29 of 1st period - Christian Hanson wins face-off versus Calle Jarnkrok in Monsters zone.
13:57 of 1st period - Wrist shot by Joakim Nordstrom.
13:57 of 1st period - Shot Blocked by Travis Konecny.
14:22 of 1st period - Snap shot by Travis Konecny.
14:22 of 1st period - Stopped by Eric Comrie with a rebound.
14:30 of 1st period - Morgan Rielly is hit by Rinat Valiev and loses puck.
15:11 of 1st period - Calle Jarnkrok is hit by Joakim Nordstrom and loses puck.
15:20 of 1st period - Slapshot by Michael Bournival.
15:20 of 1st period - Shot Misses the Net.
15:22 of 1st period - Slapshot by Devon Teows.
15:22 of 1st period - Deflect By Travis Konecny.
15:22 of 1st period - Shot Blocked by Joakim Nordstrom.
15:22 of 1st period - Puck is out of play.
15:23 of 1st period - Nick Shore wins face-off versus Zac Dalpe in Monsters zone.
15:26 of 1st period - Wrist shot by Sven Andrighetto.
15:26 of 1st period - Stopped by Eric Comrie with a rebound.
15:28 of 1st period - Slapshot by Jake Dotchin.
15:28 of 1st period - Deflect By Sven Andrighetto.
15:28 of 1st period - Shot Misses the Net.
15:28 of 1st period - Puck is out of play.
15:29 of 1st period - Nick Shore wins face-off versus Zac Dalpe in Monsters zone.
15:40 of 1st period - Snap shot by Alex DeBrincat.
15:40 of 1st period - Stopped by Eric Comrie without a rebound.
15:41 of 1st period - Ondrej Kase wins face-off versus Nick Shore in Monsters zone.
15:43 of 1st period - Minor Penalty to Ondrej Kase for Tripping.
15:44 of 1st period - Zac Dalpe wins face-off versus Nick Shore in Monsters zone.
17:06 of 1st period - Slapshot by Morgan Rielly.
17:06 of 1st period - Stopped by Anton Forsberg with a rebound.
17:43 of 1st period - Penalty to Ondrej Kase is over, Ondrej Kase is back on ice.
17:54 of 1st period - Snap shot by Jared Knight.
17:54 of 1st period - Stopped by Anton Forsberg with a rebound.
18:10 of 1st period - Slapshot by Erik Nystrom.
18:10 of 1st period - Deflect By Lucas Wallmarkk.
18:10 of 1st period - Shot Misses the Net.
18:10 of 1st period - Puck is out of play.
18:11 of 1st period - Cristoval Nieves wins face-off versus Jared Knight in Monsters zone.
19:05 of 1st period - Snap shot by Alex DeBrincat.
19:05 of 1st period - Shot Misses the Net.
19:07 of 1st period - Slapshot by Devon Teows.
19:07 of 1st period - Deflect By Zac Dalpe.
19:07 of 1st period - Stopped by Eric Comrie without a rebound.
19:08 of 1st period - Nick Shore wins face-off versus Christian Hanson in Monsters zone.
19:11 of 1st period - Snap shot by Sven Andrighetto.
19:11 of 1st period - Stopped by Eric Comrie with a rebound.
19:13 of 1st period - Snap shot by Sven Andrighetto.
19:13 of 1st period - Shot Blocked by Joakim Nordstrom.
19:17 of 1st period - Wrist shot by Alex DeBrincat.
19:17 of 1st period - Stopped by Eric Comrie with a rebound.
19:19 of 1st period - Slapshot by Sven Andrighetto.
19:19 of 1st period - Shot Misses the Net.
19:21 of 1st period - Snap shot by Reid McNeill.
19:21 of 1st period - Shot Blocked by Tarmo Reunanen.
Goals for this period are 1 for Phantoms vs 0 for Monsters.
Shots for this period are 11 for Phantoms vs 8 for Monsters.
2nd period
0:01 of 2nd period - Zac Dalpe wins face-off versus Nick Shore in neutral zone.
0:04 of 2nd period - Slapshot by Austin Watson.
0:04 of 2nd period - Shot Misses the Net.
0:06 of 2nd period - Wrist shot by Zac Dalpe.
0:06 of 2nd period - Shot Misses the Net.
0:08 of 2nd period - Snap shot by Austin Watson.
0:08 of 2nd period - Stopped by Anton Forsberg with a rebound.
0:10 of 2nd period - Snap shot by Zac Dalpe.
0:10 of 2nd period - Stopped by Anton Forsberg with a rebound.
0:28 of 2nd period - Matt Grzelcyk is hit by Michael Bournival.
0:56 of 2nd period - Slapshot by Christian Hanson.
0:56 of 2nd period - Stopped by Anton Forsberg with a rebound.
1:14 of 2nd period - Slapshot by Aaron Ness.
1:14 of 2nd period - Stopped by Anton Forsberg with a rebound.
1:42 of 2nd period - Slapshot by Alex DeBrincat.
1:42 of 2nd period - Deflect By Sven Andrighetto.
1:42 of 2nd period - Stopped by Eric Comrie without a rebound.
1:43 of 2nd period - Calle Jarnkrok wins face-off versus Zac Dalpe in Monsters zone.
1:50 of 2nd period - Snap shot by Travis Konecny.
1:50 of 2nd period - Shot Blocked by Matt Grzelcyk.
1:52 of 2nd period - Slapshot by Travis Konecny.
1:52 of 2nd period - Stopped by Eric Comrie without a rebound.
1:53 of 2nd period - Zac Dalpe wins face-off versus Travis Konecny in Monsters zone.
1:53 of 2nd period - Zac Dalpe is hit by Devon Teows.
2:01 of 2nd period - Snap shot by Travis Konecny.
2:01 of 2nd period - Goal by Travis Konecny - Phantoms : 2 - Monsters : 0.
2:02 of 2nd period - Calle Jarnkrok wins face-off versus Austin Watson in neutral zone.
2:05 of 2nd period - Wrist shot by Travis Konecny.
2:05 of 2nd period - Stopped by Eric Comrie with a rebound.
2:13 of 2nd period - Wrist shot by Austin Watson.
2:13 of 2nd period - Shot Blocked by Travis Konecny.
2:27 of 2nd period - Jared Knight is hit by Reid McNeill and loses puck.
2:34 of 2nd period - Snap shot by Alex DeBrincat.
2:34 of 2nd period - Stopped by Eric Comrie without a rebound.
2:35 of 2nd period - Nick Shore wins face-off versus Zac Dalpe in Monsters zone.
2:46 of 2nd period - Wrist shot by Austin Watson.
2:46 of 2nd period - Shot Misses the Net.
2:48 of 2nd period - Slapshot by Dillon Heatherington.
2:48 of 2nd period - Shot Blocked by Brenden Kichton.
3:10 of 2nd period - Wrist shot by Bobby Farnham.
3:10 of 2nd period - Shot Misses the Net.
3:16 of 2nd period - Wrist shot by Reid McNeill.
3:16 of 2nd period - Shot Misses the Net.
3:26 of 2nd period - Morgan Klimchuk is hit by Jared Knight and loses puck.
3:35 of 2nd period - Wrist shot by Cristoval Nieves.
3:35 of 2nd period - Shot Blocked by Dillon Heatherington.
3:51 of 2nd period - Snap shot by Zac Dalpe.
3:51 of 2nd period - Deflect By Patrik Laine.
3:51 of 2nd period - Stopped by Anton Forsberg with a rebound.
4:03 of 2nd period - Snap shot by Zac Dalpe.
4:03 of 2nd period - Stopped by Anton Forsberg with a rebound.
4:05 of 2nd period - Slapshot by Austin Watson.
4:05 of 2nd period - Stopped by Anton Forsberg without a rebound.
4:06 of 2nd period - Nick Shore wins face-off versus Zac Dalpe in Phantoms zone.
4:35 of 2nd period - Snap shot by Aaron Ness.
4:35 of 2nd period - Shot Blocked by Ivan Provorov.
4:38 of 2nd period - Icing by Ivan Provorov.
4:39 of 2nd period - Christian Hanson wins face-off versus Nick Shore in Phantoms zone.
4:44 of 2nd period - Snap shot by Joakim Nordstrom.
4:44 of 2nd period - Shot Blocked by Alex DeBrincat.
4:52 of 2nd period - Slapshot by Ivan Provorov.
4:52 of 2nd period - Shot Blocked by Joakim Nordstrom.
4:54 of 2nd period - Snap shot by Sven Andrighetto.
4:54 of 2nd period - Shot Blocked by Christian Hanson.
5:06 of 2nd period - Snap shot by Nick Shore.
5:06 of 2nd period - Stopped by Eric Comrie with a rebound.
5:10 of 2nd period - Snap shot by Nick Shore.
5:10 of 2nd period - Stopped by Eric Comrie without a rebound.
5:11 of 2nd period - Calle Jarnkrok wins face-off versus Zac Dalpe in Monsters zone.
5:22 of 2nd period - Wrist shot by Zac Dalpe.
5:22 of 2nd period - Stopped by Anton Forsberg with a rebound.
5:38 of 2nd period - Jake Dotchin is hit by Jared Knight and loses puck.
6:01 of 2nd period - Wrist shot by Patrik Laine.
6:01 of 2nd period - Goal by Patrik Laine - Phantoms : 2 - Monsters : 1.
6:02 of 2nd period - Zac Dalpe wins face-off versus Calle Jarnkrok in neutral zone.
6:44 of 2nd period - Minor Penalty to Brenden Kichton for Hooking.
6:45 of 2nd period - Zac Dalpe wins face-off versus Calle Jarnkrok in Phantoms zone.
6:46 of 2nd period - Wrist shot by Ondrej Kase.
6:46 of 2nd period - Stopped by Anton Forsberg with a rebound.
7:25 of 2nd period - Wrist shot by Joakim Nordstrom.
7:25 of 2nd period - Stopped by Anton Forsberg with a rebound.
7:49 of 2nd period - Wrist shot by Rinat Valiev.
7:49 of 2nd period - Shot Blocked by Dillon Heatherington.
8:43 of 2nd period - Richard Nejezchleb is hit by Travis Konecny.
8:44 of 2nd period - Penalty to Brenden Kichton is over, Brenden Kichton is back on ice.
8:55 of 2nd period - Snap shot by Travis Konecny.
8:55 of 2nd period - Stopped by Eric Comrie without a rebound.
8:56 of 2nd period - Cristoval Nieves wins face-off versus Jared Knight in Monsters zone.
8:57 of 2nd period - Wrist shot by Morgan Klimchuk.
8:57 of 2nd period - Stopped by Eric Comrie without a rebound.
8:58 of 2nd period - Cristoval Nieves wins face-off versus Jared Knight in Monsters zone.
9:23 of 2nd period - Marc Michaelis is hit by Sven Andrighetto and loses puck.
10:06 of 2nd period - Erik Nystrom is hit by Austin Watson and loses puck.
10:18 of 2nd period - Minor Penalty to Matt Grzelcyk for Tripping.
10:19 of 2nd period - Calle Jarnkrok wins face-off versus Zac Dalpe in Monsters zone.
10:20 of 2nd period - Snap shot by Travis Konecny.
10:20 of 2nd period - Stopped by Eric Comrie with a rebound.
10:22 of 2nd period - Slapshot by Michael Bournival.
10:22 of 2nd period - Stopped by Eric Comrie without a rebound.
10:23 of 2nd period - Calle Jarnkrok wins face-off versus Zac Dalpe in Monsters zone.
10:29 of 2nd period - Snap shot by Calle Jarnkrok.
10:29 of 2nd period - Shot Misses the Net.
11:17 of 2nd period - Wrist shot by Alex DeBrincat.
11:17 of 2nd period - Stopped by Eric Comrie without a rebound.
11:18 of 2nd period - Ondrej Kase wins face-off versus Calle Jarnkrok in Monsters zone.
11:47 of 2nd period - Zac Dalpe is hit by Brenden Kichton and loses puck.
12:18 of 2nd period - Penalty to Matt Grzelcyk is over, Matt Grzelcyk is back on ice.
12:28 of 2nd period - Snap shot by Jared Knight.
12:28 of 2nd period - Stopped by Anton Forsberg without a rebound.
12:29 of 2nd period - Jared Knight wins face-off versus Nick Sorensen in Phantoms zone.
12:30 of 2nd period - Slapshot by Marc Michaelis.
12:30 of 2nd period - Shot Misses the Net.
12:44 of 2nd period - Snap shot by Morgan Klimchuk.
12:44 of 2nd period - Shot Blocked by Jared Knight.
13:18 of 2nd period - Backhand shot by Alex DeBrincat.
13:18 of 2nd period - Stopped by Eric Comrie without a rebound.
13:19 of 2nd period - Zac Dalpe wins face-off versus Nick Shore in Monsters zone.
13:24 of 2nd period - Matt Grzelcyk is hit by Jake Dotchin and loses puck.
13:43 of 2nd period - Snap shot by Bobby Farnham.
13:43 of 2nd period - Shot Misses the Net.
14:25 of 2nd period - Snap shot by Nick Shore.
14:25 of 2nd period - Shot Blocked by Bobby Farnham.
14:27 of 2nd period - Slapshot by Jake Dotchin.
14:27 of 2nd period - Shot Misses the Net.
14:29 of 2nd period - Slapshot by Reid McNeill.
14:29 of 2nd period - Stopped by Eric Comrie with a rebound.
14:31 of 2nd period - Slapshot by Reid McNeill.
14:31 of 2nd period - Stopped by Eric Comrie without a rebound.
14:32 of 2nd period - Zac Dalpe wins face-off versus Calle Jarnkrok in Monsters zone.
14:36 of 2nd period - Morgan Rielly is hit by Brenden Kichton and loses puck.
14:43 of 2nd period - Wrist shot by Zac Dalpe.
14:43 of 2nd period - Shot Blocked by Ivan Provorov.
14:45 of 2nd period - Wrist shot by Zac Dalpe.
14:45 of 2nd period - Stopped by Anton Forsberg with a rebound.
14:47 of 2nd period - Slapshot by Zac Dalpe.
14:47 of 2nd period - Stopped by Anton Forsberg without a rebound.
14:48 of 2nd period - Cristoval Nieves wins face-off versus Zac Dalpe in Phantoms zone.
14:50 of 2nd period - Minor Penalty to Nick Sorensen for Interference.
14:51 of 2nd period - Calle Jarnkrok wins face-off versus Ondrej Kase in Phantoms zone.
16:04 of 2nd period - Christian Hanson is hit by Ivan Provorov and loses puck.
16:50 of 2nd period - Penalty to Nick Sorensen is over, Nick Sorensen is back on ice.
17:38 of 2nd period - Joakim Nordstrom is hit by Sven Andrighetto and loses puck.
18:24 of 2nd period - Snap shot by Travis Konecny.
18:24 of 2nd period - Shot Misses the Net.
18:50 of 2nd period - Nick Sorensen is hit by Christian Hanson.
19:00 of 2nd period - Aaron Ness is hit by Lucas Wallmarkk and loses puck.
19:05 of 2nd period - Snap shot by Lucas Wallmarkk.
19:05 of 2nd period - Deflect By JC Lipon.
19:05 of 2nd period - Stopped by Eric Comrie with a rebound.
19:32 of 2nd period - Victor Mete is hit by Brenden Kichton and loses puck.
19:46 of 2nd period - Minor Penalty to Jared Knight for Slashing.
19:47 of 2nd period - Zac Dalpe wins face-off versus Calle Jarnkrok in Monsters zone.
19:47 of 2nd period - Zac Dalpe is hit by Michael Bournival.
Goals for this period are 1 for Phantoms vs 1 for Monsters.
Shots for this period are 16 for Phantoms vs 14 for Monsters.
3rd period
0:01 of 3rd period - Zac Dalpe wins face-off versus Calle Jarnkrok in neutral zone.
0:14 of 3rd period - Slapshot by Jake Dotchin.
0:14 of 3rd period - Stopped by Eric Comrie with a rebound.
0:16 of 3rd period - Slapshot by Reid McNeill.
0:16 of 3rd period - Deflect By Michael Bournival.
0:16 of 3rd period - Shot Misses the Net.
0:16 of 3rd period - Puck is out of play.
0:17 of 3rd period - Calle Jarnkrok wins face-off versus Zac Dalpe in Monsters zone.
0:26 of 3rd period - Slapshot by Michael Bournival.
0:26 of 3rd period - Shot Blocked by Morgan Rielly.
0:51 of 3rd period - Snap shot by Calle Jarnkrok.
0:51 of 3rd period - Shot Misses the Net.
1:03 of 3rd period - Slapshot by Michael Bournival.
1:03 of 3rd period - Deflect By Calle Jarnkrok.
1:03 of 3rd period - Stopped by Eric Comrie without a rebound.
1:04 of 3rd period - Zac Dalpe wins face-off versus Alex DeBrincat in Monsters zone.
1:21 of 3rd period - Wrist shot by Bobby Farnham.
1:21 of 3rd period - Deflect By Ondrej Kase.
1:21 of 3rd period - Stopped by Anton Forsberg without a rebound.
1:22 of 3rd period - Ondrej Kase wins face-off versus Nick Shore in Phantoms zone.
1:23 of 3rd period - Snap shot by Bobby Farnham.
1:23 of 3rd period - Shot Blocked by Jake Dotchin.
1:25 of 3rd period - Slapshot by Ondrej Kase.
1:25 of 3rd period - Stopped by Anton Forsberg with a rebound.
1:35 of 3rd period - Nick Shore is hit by Aaron Ness and loses puck.
1:46 of 3rd period - Penalty to Jared Knight is over, Jared Knight is back on ice.
1:54 of 3rd period - Snap shot by Jared Knight.
1:54 of 3rd period - Shot Blocked by Jake Dotchin.
2:12 of 3rd period - Slapshot by Matt Grzelcyk.
2:12 of 3rd period - Deflect By Ryan Fitzgerald.
2:12 of 3rd period - Shot Misses the Net.
2:12 of 3rd period - Puck is out of play.
2:13 of 3rd period - Christian Hanson wins face-off versus Nick Shore in Phantoms zone.
2:45 of 3rd period - Slapshot by Travis Konecny.
2:45 of 3rd period - Stopped by Eric Comrie with a rebound.
3:09 of 3rd period - Snap shot by Morgan Klimchuk.
3:09 of 3rd period - Shot Blocked by Matt Grzelcyk.
3:11 of 3rd period - Wrist shot by Cristoval Nieves.
3:11 of 3rd period - Stopped by Eric Comrie without a rebound.
3:12 of 3rd period - Bobby Farnham wins face-off versus Sven Andrighetto in Monsters zone.
3:12 of 3rd period - Bobby Farnham is hit by Sven Andrighetto.
3:33 of 3rd period - Minor Penalty to Reid McNeill for Slashing.
3:34 of 3rd period - Zac Dalpe wins face-off versus Calle Jarnkrok in Phantoms zone.
3:34 of 3rd period - Snap shot by Ondrej Kase.
3:34 of 3rd period - Shot Misses the Net.
5:06 of 3rd period - Austin Watson is hit by Ivan Provorov and loses puck.
5:33 of 3rd period - Penalty to Reid McNeill is over, Reid McNeill is back on ice.
6:52 of 3rd period - Wrist shot by Jared Knight.
6:52 of 3rd period - Shot Blocked by Reid McNeill.
7:04 of 3rd period - Snap shot by Michael Bournival.
7:04 of 3rd period - Shot Blocked by Tarmo Reunanen.
7:06 of 3rd period - Wrist shot by Travis Konecny.
7:06 of 3rd period - Stopped by Eric Comrie with a rebound.
7:08 of 3rd period - Wrist shot by Travis Konecny.
7:08 of 3rd period - Stopped by Eric Comrie with a rebound.
7:10 of 3rd period - Slapshot by Ivan Provorov.
7:10 of 3rd period - Stopped by Eric Comrie with a rebound.
7:12 of 3rd period - Slapshot by Ivan Provorov.
7:12 of 3rd period - Stopped by Eric Comrie with a rebound.
7:38 of 3rd period - Dillon Heatherington is hit by Sven Andrighetto and loses puck.
8:03 of 3rd period - Ivan Provorov is hit by Christian Hanson and loses puck.
8:24 of 3rd period - Wrist shot by Austin Watson.
8:24 of 3rd period - Shot Misses the Net.
8:42 of 3rd period - Wrist shot by Alex DeBrincat.
8:42 of 3rd period - Shot Misses the Net.
8:44 of 3rd period - Wrist shot by Alex DeBrincat.
8:44 of 3rd period - Stopped by Eric Comrie with a rebound.
8:46 of 3rd period - Slapshot by Alex DeBrincat.
8:46 of 3rd period - Shot Blocked by Ryan Fitzgerald.
9:36 of 3rd period - Tarmo Reunanen is hit by JC Lipon and loses puck.
10:14 of 3rd period - Snap shot by Nick Shore.
10:14 of 3rd period - Shot Misses the Net.
10:16 of 3rd period - Snap shot by Nick Shore.
10:16 of 3rd period - Shot Misses the Net.
10:47 of 3rd period - Jared Knight is hit by Reid McNeill and loses puck.
11:00 of 3rd period - Calle Jarnkrok is hit by Austin Watson and loses puck.
11:07 of 3rd period - Dillon Heatherington is hit by Brenden Kichton and loses puck.
11:21 of 3rd period - Austin Watson is hit by Calle Jarnkrok and loses puck.
11:35 of 3rd period - Ondrej Kase is hit by Travis Konecny and loses puck.
12:03 of 3rd period - Austin Watson is hit by Travis Konecny and loses puck.
12:22 of 3rd period - Reid McNeill is hit by Morgan Rielly and loses puck.
12:27 of 3rd period - Snap shot by Austin Watson.
12:27 of 3rd period - Shot Blocked by Reid McNeill.
12:42 of 3rd period - Snap shot by Travis Konecny.
12:42 of 3rd period - Shot Hit the Post.
12:44 of 3rd period - Slapshot by Calle Jarnkrok.
12:44 of 3rd period - Shot Blocked by Victor Mete.
12:46 of 3rd period - Snap shot by Brenden Kichton.
12:46 of 3rd period - Shot Misses the Net.
12:48 of 3rd period - Wrist shot by Calle Jarnkrok.
12:48 of 3rd period - Shot Blocked by Victor Mete.
12:50 of 3rd period - Wrist shot by Michael Bournival.
12:50 of 3rd period - Shot Blocked by Victor Mete.
12:52 of 3rd period - Wrist shot by Calle Jarnkrok.
12:52 of 3rd period - Deflect By Ondrej Kase.
12:52 of 3rd period - Stopped by Eric Comrie with a rebound.
12:54 of 3rd period - Wrist shot by Travis Konecny.
12:54 of 3rd period - Deflect By Michael Bournival.
12:54 of 3rd period - Shot Misses the Net.
12:54 of 3rd period - Puck is out of play.
12:55 of 3rd period - Bobby Farnham wins face-off versus Nick Shore in Monsters zone.
13:00 of 3rd period - Joakim Nordstrom is hit by Sven Andrighetto and loses puck.
13:27 of 3rd period - Wrist shot by Morgan Klimchuk.
13:27 of 3rd period - Deflect By Nick Sorensen.
13:27 of 3rd period - Shot Misses the Net.
13:27 of 3rd period - Puck is out of play.
13:28 of 3rd period - Cristoval Nieves wins face-off versus Richard Nejezchleb in Monsters zone.
13:35 of 3rd period - Snap shot by Cristoval Nieves.
13:35 of 3rd period - Stopped by Eric Comrie without a rebound.
13:36 of 3rd period - Jared Knight wins face-off versus Cristoval Nieves in Monsters zone.
14:05 of 3rd period - Snap shot by Christian Hanson.
14:05 of 3rd period - Deflect By Bobby Farnham.
14:05 of 3rd period - Stopped by Anton Forsberg with a rebound.
14:07 of 3rd period - Wrist shot by Dillon Heatherington.
14:07 of 3rd period - Deflect By Christian Hanson.
14:07 of 3rd period - Shot Blocked by Sven Andrighetto.
14:07 of 3rd period - Puck is out of play.
14:08 of 3rd period - Sven Andrighetto wins face-off versus Christian Hanson in Phantoms zone.
14:18 of 3rd period - Wrist shot by Christian Hanson.
14:18 of 3rd period - Stopped by Anton Forsberg without a rebound.
14:19 of 3rd period - Nick Shore wins face-off versus Christian Hanson in Phantoms zone.
14:46 of 3rd period - Patrik Laine is hit by Morgan Klimchuk.
14:50 of 3rd period - Jake Dotchin is hit by Zac Dalpe.
14:53 of 3rd period - Off-side.
14:54 of 3rd period - Nick Shore wins face-off versus Zac Dalpe in neutral zone.
14:59 of 3rd period - Austin Watson is hit by Nick Shore and loses puck.
15:24 of 3rd period - Wrist shot by Jared Knight.
15:24 of 3rd period - Shot Misses the Net.
15:27 of 3rd period - Icing by Brenden Kichton.
15:28 of 3rd period - Zac Dalpe wins face-off versus Calle Jarnkrok in Phantoms zone.
16:03 of 3rd period - Brenden Kichton is hit by Christian Hanson and loses puck.
16:56 of 3rd period - Bobby Farnham is hit by Lucas Wallmarkk and loses puck.
17:03 of 3rd period - Minor Penalty to Joakim Nordstrom for Tripping.
17:04 of 3rd period - Zac Dalpe wins face-off versus Nick Shore in Monsters zone.
17:13 of 3rd period - Wrist shot by Alex DeBrincat.
17:13 of 3rd period - Shot Misses the Net.
17:15 of 3rd period - Snap shot by Sven Andrighetto.
17:15 of 3rd period - Deflect By Alex DeBrincat.
17:15 of 3rd period - Goal by Alex DeBrincat - Phantoms : 3 - Monsters : 1.
17:16 of 3rd period - Cristoval Nieves wins face-off versus Zac Dalpe in neutral zone.
17:33 of 3rd period - Morgan Klimchuk is hit by Aaron Ness.
17:40 of 3rd period - Icing by Jake Dotchin.
17:41 of 3rd period - Michael Bournival wins face-off versus Jared Knight in Phantoms zone.
17:41 of 3rd period - Michael Bournival is hit by Matt Grzelcyk.
18:07 of 3rd period - Matt Grzelcyk is hit by Alex DeBrincat and loses puck.
18:16 of 3rd period - Slapshot by Alex DeBrincat.
18:16 of 3rd period - Deflect By Nick Shore.
18:16 of 3rd period - Stopped by Eric Comrie with a rebound.
18:30 of 3rd period - Snap shot by Lucas Wallmarkk.
18:30 of 3rd period - Deflect By Erik Nystrom.
18:30 of 3rd period - Stopped by Eric Comrie with a rebound.
18:32 of 3rd period - Slapshot by Ivan Provorov.
18:32 of 3rd period - Stopped by Eric Comrie with a rebound.
18:34 of 3rd period - Slapshot by Ivan Provorov.
18:34 of 3rd period - Stopped by Eric Comrie with a rebound.
18:36 of 3rd period - Snap shot by JC Lipon.
18:36 of 3rd period - Stopped by Eric Comrie with a rebound.
18:38 of 3rd period - Slapshot by Ivan Provorov.
18:38 of 3rd period - Shot Blocked by Matt Grzelcyk.
18:48 of 3rd period - Minor Penalty to Richard Nejezchleb for High sticking.
18:49 of 3rd period - Calle Jarnkrok wins face-off versus Zac Dalpe in Monsters zone.
19:16 of 3rd period - Morgan Rielly is hit by Sven Andrighetto and loses puck.
19:29 of 3rd period - Ivan Provorov is hit by Dillon Heatherington and loses puck.
Goals for this period are 1 for Phantoms vs 0 for Monsters.
Shots for this period are 17 for Phantoms vs 4 for Monsters.